Unix NetHack Version 3.7.0-94 Work-in-progress - last build Dec 18 2023 00:11:04 (7e3deff068b9ef4f2ebb9a71ea0f5c4a3b578a14,branch:master). Game began 2023-12-23 02:32:12, ended 2023-12-23 03:35:00. Arasaka, chaotic male orcish Rogue ----- ---- --- |...-- ---- ------ |..---- --.| --....| --*.| --....-- --....... |..| |..--.--- |...---......| |...--...------.| |..-- |.--|....-- ---..........---|..--|.%....|...------------- |..- |...| ---.| |.....----------...........-|.-- |...)[..%......%.).....-----...- ---.| |.%.| |...........................|.| --.-----....--------#*.%......0.| |.| -|.--- |...*.---------.............|.| |.%.. .... # -------)..- |.--.|.| --....| --........-.....| -.. |...).- |......-- |.... -.. --........--- ---`..... |.......| --.- --.........| ---....... ----.*.-- -..[.....| ----.<...... |...| |.--...-- --.|....-- .... ----...| |......-- .@.. .....--- |.--..-- ..T. ----.| - ---- |.- Arasaka the Pilferer St:18 Dx:20 Co:17 In:9 Wi:10 Ch:8 Chaotic Dlvl:9 $:18 HP:0(81) Pw:33(33) AC:-12 Xp:10/7180 T:10791 Latest messages: A dagger misses you. The water troll wields 3 rusty daggers! You hit the water troll! The water troll thrusts one of her daggers. The water troll hits! The water troll hits! The water troll bites! You hit the water troll! The water troll thrusts one of her daggers. The water troll hits! The water troll misses! The water troll bites! You hit the water troll! The water troll thrusts one of her daggers. The water troll misses! The water troll hits! The water troll bites! You hit the water troll! The water troll thrusts one of her daggers. The water troll hits! The water troll hits! The water troll bites! You kill the water troll! There is a water troll corpse here; eat it? [ynq] (n) This water troll corpse is fatty. You stop eating the water troll corpse. The bite-covered water troll rises from the dead! You hit the water troll! The water troll misses! The water troll hits! The water troll bites! The water troll hits! The water troll hits! The water troll misses! The water troll strikes at your displaced image and misses you! You hit the water troll! The water troll hits! The water troll hits! The water troll bites! You hit the water troll! The water troll hits! The water troll hits! The water troll bites! You climb up the stairs. The water troll hits! The water troll misses! The water troll misses! The water troll hits! The water troll hits! You die... Inventory: Coins ('$') $ - 18 gold pieces Amulets ('"') o - an uncursed amulet of magical breathing (being worn) Weapons (')') d - 10 uncursed +0 daggers (at the ready) a - the blessed +1 Dragonbane (weapon in right hand) Armor ('[') l - a blessed +0 orcish helm (being worn) E - an uncursed +2 pair of gauntlets of dexterity (being worn) m - an uncursed +2 pair of water walking boots (being worn) W - an uncursed +0 elven shield (being worn) O - an uncursed +0 cloak of displacement (being worn) G - an uncursed +3 gray dragon scale mail (being worn) Comestibles ('%') I - 5 uncursed food rations i - an uncursed tripe ration h - an uncursed homemade tin of newt meat P - an uncursed lizard corpse named tricebane Rings ('=') M - an uncursed ring of protection from shape changers Wands ('/') Q - an uncursed wand of fire (0:7) L - an uncursed wand of polymorph (0:4) Tools ('(') z - an uncursed bag of holding containing 44 items e - an uncursed lock pick p - an uncursed towel s - an uncursed +0 unicorn horn Gems/Stones ('*') j - an uncursed worthless piece of blue glass Contents of the bag of holding: 6175 gold pieces 6 uncursed +0 daggers an uncursed +0 elven dagger the uncursed rustproof +0 Grimtooth a cursed +0 robe an uncursed egg 2 blessed scrolls of charging an uncursed scroll of earth a cursed scroll of earth an uncursed scroll of enchant weapon 2 uncursed scrolls of identify 2 cursed scrolls of identify an uncursed scroll of magic mapping an uncursed scroll of punishment an uncursed scroll of scare monster an uncursed spellbook of cone of cold a blessed spellbook of remove curse an uncursed spellbook of remove curse an uncursed potion of confusion an uncursed potion of full healing a cursed potion of invisibility a cursed potion of monster detection an uncursed potion of object detection a cursed potion of object detection a blessed potion of sleeping a blessed potion of speed a potion of holy water an uncursed ring of fire resistance an uncursed ring of poison resistance an uncursed ring of stealth a cursed ring of teleportation an uncursed wand of create monster (0:10) an uncursed wand of light (0:11) an uncursed wand of slow monster (0:6) an uncursed wand of speed monster (0:4) an uncursed wand of undead turning (0:3) an uncursed wand of wishing named 1:2 (1:2) an empty uncursed sack an uncursed pair of lenses an uncursed +0 pick-axe an uncursed +0 unicorn horn an uncursed +0 unicorn horn an uncursed +0 unicorn horn an uncursed +0 unicorn horn Arasaka the Rogue's attributes: Background: You were a Pilferer, a level 10 male orcish Rogue. You were chaotic, on a mission for Kos who was opposed by Issek (lawful) and Mog (neutral). You were right-handed. You were in the Gnomish Mines, on level 9. You entered the dungeon 10791 turns ago. It was nighttime. You had 7180 experience points, 2820 more were needed to attain level 11. Basics: You had 0 out of 81 hit points. You had all 33 energy points (spell power). Your armor class was -12. Your wallet contained 18 zorkmids, and you had 6175 more stashed away in your pack. Autopickup was on for '$"?' plus thrown, with exceptions. Final Characteristics: Your strength was 18 (limit:18/50). Your dexterity was 20 (base:18, innate limit:18). Your constitution was 17 (limit:18). Your intelligence was 9 (limit:16). Your wisdom was 10 (limit:16). Your charisma was 8 (limit:16). Final Status: You weren't hungry. You were unencumbered. You were wielding a broadsword. You were skilled in broadsword. Final Attributes: You were piously aligned. You were magic-protected. You were sleep resistant. You were poison resistant. You were telepathic. You had automatic searching. You had infravision. You were displaced. You were stealthy. You could walk on water. You could survive without air. You were warded. You had reflection. You were lucky. You are dead. Miscellaneous: You disabled loading of bones levels. Total elapsed playing time was 1 hour, 2 minutes and 48 seconds. Major events: Turn 1: Arasaka the chaotic male orcish Rogue entered the dungeon 548: found Dragonbane on the floor 697: entered the Gnomish Mines 1008: attained the rank of Cutpurse (level 3) 1763: entered Sokoban 1767: made his first wish - "3 blessed scrolls of charging", got "3 scrolls labeled VAS CORP BET MANI" 1775: wished for "blessed +3 gray dragon scale mail", got "a gray dragon scale mail" 2091: completed 1st Sokoban level 2706: completed 2nd Sokoban level 2725: attained the rank of Rogue (level 6) 3264: completed 3rd Sokoban level 5445: completed 4th Sokoban level 6012: acquired the Sokoban bag of holding 8187: reached Mine Town 8250: was bestowed with Grimtooth by Kos 9575: attained the rank of Pilferer (level 10) 10791: killed by a water troll Vanquished creatures: an aligned cleric a water troll a watch captain 6 ghosts 2 giant mimics 4 small mimics a warhorse a xan 2 large dogs a gargoyle a tengu an ochre jelly a wraith a leather golem 3 watchmen a chameleon a crocodile 2 giant beetles 2 cockatrices 3 winter wolf cubs 2 lynxes a panther 2 leprechauns 2 mumakil a black light a gnome ruler an orc mummy 2 dwarf mummies 2 brown puddings a rust monster an owlbear 2 yetis 2 lizards 2 chickatrices 2 dogs 2 housecats a jaguar a dwarf leader a blue jelly 3 white unicorns 3 gray unicorns 2 dust vortices a raven a human zombie a rope golem 5 Woodland-elves 8 soldier ants 9 fire ants a bugbear an imp a wood nymph 2 rock piercers 3 yellow lights a shrieker a violet fungus 15 gnome leaders 2 gnomish wizards a red naga hatchling a golden naga hatchling a barrow wight 3 giant ants a floating eye 2 kittens 10 dwarves a homunculus 2 kobold leaders 4 hill orcs 2 rabid rats a centipede 3 giant bats a monkey a dwarf zombie 4 wererats 5 iguanas 7 killer bees 5 acid blobs 4 hobbits a manes a large kobold 3 hobgoblins 3 cave spiders a brown mold 3 yellow molds 3 red molds 46 gnomes 3 garter snakes 2 gnome zombies 7 geckos 11 jackals a fox 3 kobolds 7 goblins 5 sewer rats 6 grid bugs 3 lichens a kobold zombie 5 newts 299 creatures vanquished. No species were genocided or became extinct. Voluntary challenges: You read items or engraved 22 times. You engraved Elbereth 2 times. You never genocided any monsters. You never polymorphed an object. You never changed form. You used 2 wishes. You did not wish for any artifacts. You violated the special Sokoban rules once. Achievements: You entered a shop. You entered the Gnomish Mines. You attained the rank of Cutpurse. You entered Sokoban. You attained the rank of Rogue. You completed Sokoban. You entered Minetown. You entered a temple. You attained the rank of Pilferer. The Dungeons of Doom: levels 1 to 7 Level 1: Some fountains. Level 2: A weapon shop, a fountain. Stairs down to The Gnomish Mines. Level 3: Level 4: Level 5: Many fountains. Level 6: "vv" An armor shop. Stairs up to Sokoban, level 5. Level 7: The Gnomish Mines: levels 3 to 10 Level 3: Level 4: Level 5: Many shops, a temple and an altar to Kos, some fountains. Level 6: Level 7: Level 8: Level 9: <- You were here. Final resting place for you, killed by a water troll. Level 10: Sokoban: levels 5 up to 2 Level 2: Solved. Level 3: Solved. Level 4: Solved. Level 5: Solved. Game over: ---------- / \ / REST \ / IN \ / PEACE \ / \ | Arasaka | | 6193 Au | | killed by a | | water troll | | | | | | 2023 | *| * * * | * _________)/\\_//(\/(/\)/\//\/|_)_______ Goodbye Arasaka the Rogue... You died in The Gnomish Mines on dungeon level 9 with 34824 points, and 6193 pieces of gold, after 10791 moves. You were level 10 with a maximum of 81 hit points when you died.